Map: Prion Terraces

Players

Tang - Winner!

  • Race: Zerg Zerg
  • League: Grandmaster

A.I. 1 (Very Hard)

  • Race: Terran Terran

VOD

Have the link to the VOD?

Description

Time

  • Played on: Feb. 17, 2016, 6:16 p.m.
  • Length: 8:49
Show
View Real Time Build Order
Export as new Build Order

Tang Zerg - Winner!

Build Orders: Hatch First 

Get SALT Encoding   

  12  0:01  Drone  
  13  0:12  Overlord  
  13  0:17  Drone  
  14  0:30  Drone x2  
  14  0:34  Drone  
  17  0:52  Hatchery  
  17  0:55  Drone  
  17  0:57  Drone  
  18  1:10  Spawning Pool  
  17  1:13  Extractor  
  17  1:14  Drone  
  17  1:17  Drone  
  18  1:28  Drone  
  19  1:38  Overlord  
  19  1:57  Zergling x2  
  19  2:00  Zergling x2, Queen  
  23  2:03  Queen  
  23  2:04  Zergling x2  
  26  2:20  Metabolic Boost  
  26  2:21  Drone x2  
  28  2:34  Drone  
  28  2:36  Drone, Queen  
  32  2:39  Queen  
  34  2:46  Drone x2  
  34  2:47  Overlord  
  36  3:00  Hatchery  
  36  3:02  Drone  
  37  3:05  Drone  
  37  3:13  Drone x2  
  37  3:15  Drone  
  37  3:16  Drone x3  
  37  3:18  Drone  
  37  3:19  Overlord  
  44  3:23  Extractor  
  44  3:25  Drone  
  44  3:29  Roach Warren  
  44  3:32  Drone  
  44  3:38  Overlord  
  44  3:49  Drone x8  
  44  3:52  Overlord  
  52  3:59  Overlord  
  52  4:08  Overlord  
  52  4:09  Roach  
  54  4:13  Roach x2  
  58  4:18  Lair  
  58  4:21  Evolution Chamber, Roach, Extractor  
  58  4:23  Evolution Chamber  
  57  4:25  Drone  
  57  4:26  Drone x2  
  57  4:27  Roach  
  62  4:33  Drone x2  
  62  4:34  Drone  
  62  4:35  Spore Crawler  
  62  4:36  Drone  
  62  4:37  Drone  
  66  4:39  Extractor  
  66  4:40  Drone  
  66  4:44  Drone, Spore Crawler  
  66  4:48  Drone x4  
  70  4:57  Zerg Ground Armor Level 1, Zerg Missile Weapons Level 1  
  70  5:03  Overlord x2  
  70  5:05  Drone x2  
  72  5:07  Roach  
  74  5:26  Roach x9  
  92  5:28  Drone  
  92  5:29  Drone x3  
  92  5:31  Drone, Extractor  
  92  5:33  Extractor, Glial Reconstitution  
  95  5:42  Drone x2  
  97  5:52  Overlord x4  
  97  5:54  Hatchery  
  96  5:59  Drone x2  
  96  6:00  Roach  
  96  6:01  Roach x3  
  106  6:04  Overlord  
  106  6:20  Roach x2  
  106  6:21  Roach x6  
  122  6:26  Ravager  
  122  6:27  Ravager x4  
  127  6:34  Roach x6  
  127  6:39  Roach x3  
  145  6:45  Overlord x2  
  145  6:46  Overlord  
  145  6:53  Drone  
  146  6:57  Overlord x2  
  146  7:08  Overlord x3, Extractor  
  145  7:11  Extractor  
  144  7:15  Drone  
  144  7:16  Drone x4  
  144  7:18  Overlord  
  144  7:22  Roach x5  
  159  7:26  Overseer x3  
  159  7:46  Roach x6  
  159  7:47  Roach x5  
  183  7:51  Roach  
  183  7:52  Roach x3  
  183  7:53  Roach  
  183  7:55  Ravager  
  183  7:56  Ravager x2  
  194  8:00  Roach x3  
  198  8:18  Infestation Pit  
Show
View Real Time Build Order
Export as new Build Order

A.I. 1 (Very Hard) Terran 

Build Orders: Mech 

Get SALT Encoding   

  12  0:00  SCV  
  13  0:13  SCV  
  14  0:19  Supply Depot  
  14  0:25  SCV  
  15  0:41  SCV  
  16  0:43  Barracks  
  16  0:53  SCV  
  17  1:05  SCV  
  18  1:17  Supply Depot, SCV  
  19  1:21  Refinery  
  19  1:29  SCV  
  19  1:31  Marine  
  21  1:41  SCV  
  22  1:48  Marine  
  22  1:50  Refinery  
  22  1:54  SCV  
  24  2:06  Marine, SCV  
  26  2:18  SCV  
  26  2:22  Factory  
  27  2:24  Marine  
  28  2:30  SCV  
  29  2:41  Factory  
  29  2:42  Marine, SCV  
  29  2:43  Supply Depot  
  31  2:54  Orbital Command  
  31  3:04  Marine  
  31  3:05  Factory Tech Lab  
  32  3:19  SCV  
  33  3:22  Marine, Command Center  
  33  3:24  Factory Tech Lab  
  34  3:32  SCV  
  35  3:44  SCV  
  36  3:56  SCV  
  36  4:02  Barracks  
  37  4:08  SCV  
  38  4:11  Supply Depot  
  38  4:20  SCV  
  39  4:32  Siege Tank x2, SCV  
  39  4:34  Supply Depot, Marine, SCV  
  48  4:44  SCV  
  49  4:45  Supply Depot  
  49  4:46  SCV  
  50  4:56  SCV  
  50  4:58  SCV  
  52  5:04  Siege Tank x2  
  58  5:08  SCV  
  58  5:10  SCV  
  60  5:14  Barracks Tech Lab  
  60  5:17  Factory  
  60  5:21  SCV  
  61  5:22  SCV  
  61  5:26  Command Center  
  62  5:36  Siege Tank  
  62  5:37  Hellion  
  67  5:47  Supply Depot  
  67  5:58  Hellion  
  67  6:01  Hellion  
  71  6:06  Infernal Pre-Igniter  
  71  6:09  Hellion  
  73  6:13  Supply Depot  
  73  6:20  Hellion  
  73  6:22  Hellion  
  77  6:30  Siege Tank  
  80  6:39  SCV x2  
  82  6:44  Marauder  
  84  6:51  Command Center, Refinery  
  84  7:00  Refinery  
  84  7:05  Marauder  
  86  7:12  Armory  
  86  7:19  Supply Depot  
  86  7:23  SCV  
  86  7:27  Marauder  
  89  7:40  Orbital Command  
  89  7:47  Engineering Bay  
  89  7:48  Marauder  
  91  8:01  Thor  
  91  8:03  Engineering Bay, SCV x2  
  91  8:04  SCV  
  91  8:05  SCV  
  101  8:06  Refinery  
  101  8:10  Marauder  
  99  8:15  Missile Turret, SCV  
  99  8:16  Hellion  
  99  8:17  Marine  
  76  8:21  SCV  
  76  8:24  Hellion  
Tags
 
Composition
Mech
Matchup
TvZ
Add a new tag
Caveats
  • Supply blocks, unpowered buildings, or Contaminate may cause inaccurate times.
  • Supply counts are checked every 10 seconds.